 Dungeon Crawl Stone Soup version 0.30.0-29-ga12c61a403 (webtiles) character file.

Game seed: 3595396083908775487

66339 kij the Severer (level 14, -3/127 (136) HPs)
             Began as a Minotaur Berserker on June 25, 2023.
             Was an Elder of Trog.
             Slain by a +3 glaive of chaos (4 damage)
             ... on level 2 of the Orcish Mines.
             The game lasted 01:21:52 (27053 turns).

kij the Severer (Minotaur Berserker)               Turns: 27053, Time: 01:21:53

HP:   -3/127 (136)  AC: 33    Str: 34    XL:     14   Next: 78%
MP:   4/13          EV: 15    Int:  5    God:    Trog [****..]
Gold: 79            SH: 10    Dex: 14    Spells: 13/13 levels left

rFire   . . .        t - +0 war axe of Beuleree {flame, rPois rC- Str+8 Int+2}
rCold   x . .        O - +0 buckler
rNeg    . . .        a - +3 plate armour {rPois}
rPois   +            K - +0 hat {Will+}
rElec   .            C - +2 cloak
rCorr   .            l - +2 pair of gloves {infuse}
SInv    +            i - +0 pair of boots
Will    ++++.        I - amulet of reflection Stlth
                     G - ring of see invisible
HPRegen 1.00/turn    B - +4 ring of protection
MPRegen 0.13/turn

%: reflection, infuse magic (1 MP)
@: lethally poisoned (-3 -> -3), strong-willed, regenerating, studying Shields,
drained
A: horns 2, retaliatory headbutt, agile 1, inhibited regeneration, evolution 1
a: Renounce Religion, Berserk, Trog's Hand, Brothers in Arms


You were on level 2 of the Orcish Mines.
You worshipped Trog.
Trog was greatly pleased with you.
You visited 4 branches of the dungeon, and saw 18 of its levels.
You also visited: Ossuary.

You collected 2237 gold pieces.
You spent 2158 gold pieces at shops.

Inventory:

Hand Weapons
 t - the +0 war axe of Beuleree (weapon) {flame, rPois rC- Str+8 Int+2}
   (You acquired it on level 1 of the Orcish Mines)

   Str:       It affects your strength (+8).
   Int:       It affects your intelligence (+2).
   rC:        It makes you vulnerable to cold.
   rPois:     It protects you from poison.
 u - a +0 battleaxe of draining
 L - the +8 whip "Snakebite" {venom, curare, rPois}
   (You found it on level 4 of the Lair of Beasts)

   rPois:     It protects you from poison.
 M - a +0 battleaxe
 P - a +2 broad axe of protection
 T - a +3 broad axe
Missiles
 Q - 4 throwing nets
Armour
 a - a +3 plate armour of poison resistance (worn)
 i - a +0 pair of boots (worn)
 l - a +2 pair of gloves of infusion (worn)
 C - a +2 cloak (worn)
 K - a +0 hat of willpower (worn)
 O - a +0 buckler (worn)
Jewellery
 B - a +4 ring of protection (right hand)
 G - a ring of see invisible (left hand)
 I - an amulet of reflection (around neck)
Wands
 x - a wand of paralysis (16)
 A - a wand of polymorph (12)
 H - a wand of iceblast (9)
 J - a wand of acid (9)
 N - a wand of flame (25)
 S - a wand of digging (7)
Scrolls
 b - 2 scrolls of fog
 e - 2 scrolls of blinking
 f - 2 scrolls of fear
 h - a scroll of enchant armour
 n - 13 scrolls of teleportation
 s - 3 scrolls of poison
 v - 6 scrolls of immolation
 E - 6 scrolls of magic mapping
 R - a scroll of summoning
Potions
 c - 3 potions of heal wounds
 d - 7 potions of flight
 g - 2 potions of cancellation {unknown}
 j - 2 potions of resistance {unknown}
 k - 4 potions of ambrosia
 m - 11 potions of curing
 o - a potion of invisibility {unknown}
 p - 3 potions of might {unknown}
 q - 6 potions of haste
 r - 2 potions of magic {unknown}
 w - 4 potions of attraction
 z - a potion of lignification {unknown}
 D - a potion of berserk rage
 F - 2 potions of mutation {unknown}
Miscellaneous
 y - a lightning rod (inert) (quivered)


   Skills:
 + Level 15.7 Fighting
 * Level 16.3 Axes
 + Level 15.5 Armour
 + Level 14.3 Dodging
 + Level 4.2 Shields
 + Level 3.3 Evocations


You had 13 spell levels left.
You didn't know any spells.
Your spell library was empty.

Dungeon Overview and Level Annotations

Branches:
Dungeon (10/15)            Temple (0/1) D:6            Lair (5/5) D:9
 Shoals (0/4) Lair:2        Snake (1/4) Lair:2        Slime (0/5) Lair:5
    Orc (2/2) D:10            Elf (0/3) Orc:2       Ossuary (visited)

Altars:
Makhleb
Nemelex Xobeh
Vehumet
Wu Jian
Xom
Zin

Shops:
D:5 [   D:6 (   D:10 =:**:   Orc:2 ?:?(

Portals:
Abyss: D:7
Pandemonium: Orc:2

Annotations:
D:4 2 runed translucent doors, peterlawrence's ghost, amateur MiFi


Innate Abilities, Weirdness & Mutations

You have a pair of horns on your head.
You reflexively headbutt those who attack you in melee.
You are agile. (Dex +4, Str/Int -1)
You do not regenerate when monsters are visible.
You have hidden genetic potential.


Message History

You closely miss fedoskokos's ghost.
You headbutt fedoskokos's ghost, but do no damage.
Fedoskokos's ghost is heavily damaged.
You feel sick.
You block the +3 glaive of chaos's attack.
You slash fedoskokos's ghost! You burn fedoskokos's ghost.
You headbutt fedoskokos's ghost, but do no damage.
Fedoskokos's ghost is heavily damaged.
You feel sick. Fedoskokos's ghost hits you!
The +3 glaive of chaos hits you from afar.
You slice fedoskokos's ghost!! You burn fedoskokos's ghost.
Fedoskokos's ghost is severely damaged.
You feel sick. Fedoskokos's ghost hits you!!
* * * LOW HITPOINT WARNING * * *
The +3 glaive of chaos hits you but does no damage.
Unknown command.
You hit fedoskokos's ghost.
Fedoskokos's ghost is almost destroyed.
You feel sick.
The +3 glaive of chaos hits you from afar!!
* * * LOW HITPOINT WARNING * * *
You feel drained. You block fedoskokos's ghost's attack.
You slash fedoskokos's ghost! You burn fedoskokos's ghost.
Fedoskokos's ghost is almost destroyed.
You feel sick.
Okay, then.
Aiming: Thunderbolt
Press: ? - help, Q - select action, (/) - cycle Shift-Dir - straight line, f - fedoskokos's ghost
Aim: fedoskokos's ghost, wielding a weapon of venom (almost destroyed)
The thunderbolt hits the +3 glaive of chaos.
The +3 glaive of chaos completely resists.
The thunderbolt hits fedoskokos's ghost.
Fedoskokos's ghost resists.
You destroy fedoskokos's ghost!
Trog accepts your kill.
The lightning rod overheats!
You feel sick.
The +3 glaive of chaos hits you from afar!
* * * LOW HITPOINT WARNING * * *
The +3 glaive of chaos freezes you.
You die...

#### ###..## ##$#...##
#.('@...## ##:#.....#
####.....# #.#.....##
### ##......#
##.#####.....##
#....#....<...###
####.#....)[)[..#.##
##.##.##...)[)......##


You could see a +3 glaive of chaos.

Vanquished Creatures
  Gastronok (Lair:2)
  An orc warlord (Orc:1)
  2 dire elephants (Lair:5)
  The ghost of fedoskokos the Severer, a journeyman FoFi of Okawaru (Orc:2)
  A hydra (Lair:5)
  A demonspawn (Orc:2)
  2 death yaks (D:9)
  9 orc high priests (Orc:2)
  Urug (Lair:2)
  A soul eater (Orc:2)
  3 skysharks
  A spectral death yak (Lair:5)
  The ghost of polpettosauro the Changer, a novice OpTm of Dithmenos (D:7)
  5 necromancers
  An obsidian statue (Lair:5)
  8 orc knights
  An ugly thing (D:7)
  5 orc sorcerers
  22 elephants
  Joseph (D:7)
  4 black mambas
  3 centaur zombies (D:10)
  14 cane toads
  2 unseen horrors (D:10)
  Maggie (D:7)
  5 komodo dragons
  12 rime drakes
  2 trolls
  3 hellwings
  2 polar bears
  Prince Ribbit (D:8)
  A hornet (D:7)
  5 dream sheep (Lair:5)
  9 blink frogs
  2 spectral elephants (Lair:5)
  4 wyverns
  26 yaks
  A dire elephant simulacrum (Lair:5)
  A basilisk (Lair:1)
  2 neqoxecs (Orc:2)
  2 death yak simulacra (Lair:5)
  7 steam dragons
  Menkaure (D:5)
  A spectral cane toad (Lair:5)
  5 wargs
  A small abomination (D:7)
  3 acid dragons
  A naga (Lair:2)
  15 water moccasins
  2 sky beasts
  An ice beast (D:7)
  41 orc warriors
  2 elephant zombies (Lair:5)
  2 black bears
  A hornet zombie (D:10)
  3 ogres
  4 centaurs
  9 wolves
  2 phantoms (D:6)
  2 kobold brigands (D:9)
  8 bullfrogs
  A gnoll sergeant (D:9)
  A scorpion (D:5)
  3 wights (D:9)
  2 elephant simulacra (Lair:5)
  13 killer bees
  An electric eel (Lair:3)
  2 howler monkeys
  5 hounds
  25 orc priests
  2 gnoll boudas
  9 jellies
  Jessica (D:2)
  3 iguanas
  12 orc wizards
  A boggart skeleton (D:10)
  8 mummies (Ossuary)
  Robin (D:2)
  18 gnolls
  11 adders
  5 shadow imps
  3 ufetubi
  A dart slug (D:4)
  65 orcs
  5 ball pythons
  5 endoplasms
  4 giant cockroaches
  12 goblins
  14 hobgoblins
  6 jackals
  2 quokkas (D:1)
  8 bats
  3 hobgoblin zombies (Ossuary)
  14 kobolds
  2 kobold zombies (Ossuary)
  3 orc zombies (Ossuary)
  8 rats
560 creatures vanquished.

Vanquished Creatures (collateral kills)
  A blink frog (Lair:4)
1 creature vanquished.

Vanquished Creatures (others)
  A spectral anaconda (Lair:5)
  2 rime drakes (Lair:3)
3 creatures vanquished.

Grand Total: 564 creatures vanquished

Notes
Turn   | Place    | Note
-------+----------+-------------------------------------------
     0 | D:1      | kij the Minotaur Berserker began the quest for the Orb.
     0 | D:1      | Reached XP level 1. HP: 19/19 MP: 0/0
   227 | D:1      | Reached XP level 2. HP: 21/27 MP: 1/1
   326 | D:1      | Reached skill level 4 in Axes
   663 | D:1      | Reached ** piety under Trog
  1258 | D:2      | Reached XP level 3. HP: 30/33 MP: 2/2
  1489 | D:2      | Noticed Robin
  1499 | D:2      | Killed Robin
  1685 | D:2      | Reached XP level 4. HP: 40/40 MP: 3/3
  1914 | D:2      | Noticed Jessica
  1919 | D:2      | Killed Jessica
  2134 | D:3      | Reached XP level 5. HP: 28/47 MP: 4/4
  2742 | D:4      | Reached *** piety under Trog
  2744 | D:4      | Reached skill level 5 in Axes
  2746 | D:4      | Reached skill level 5 in Fighting
  2785 | D:4      | Reached XP level 6. HP: 30/56 MP: 5/5
  2884 | D:4      | Found a large runed translucent door.
  2884 | D:4      | Found a large runed translucent door.
  2886 | D:4      | Noticed peterlawrence's ghost (amateur MiFi)
  3594 | D:5      | Entered Level 5 of the Dungeon
  3634 | D:5      | Found a radiant altar of Vehumet.
  3978 | D:5      | Reached skill level 5 in Armour
  3978 | D:5      | Reached XP level 7. HP: 62/62 MP: 6/6
  4037 | D:5      | Found Nusaal's Armour Boutique.
  4128 | D:5      | Noticed Menkaure
  4136 | D:5      | Killed Menkaure
  4137 | D:5      | Reached skill level 6 in Axes
  4508 | D:5      | Reached skill level 5 in Dodging
  4588 | D:6      | Found a sand-covered staircase.
  4596 | Ossuary  | Entered an ossuary
  4909 | D:6      | Reached XP level 8. HP: 58/71 MP: 7/7
  4963 | D:6      | Found Kaewiant's Weapon Shoppe.
  5006 | D:6      | Found a burning altar of Makhleb.
  5274 | D:6      | Found a staircase to the Ecumenical Temple.
  5323 | D:6      | Reached **** piety under Trog
  5341 | D:6      | Reached skill level 7 in Axes
  6078 | D:7      | Noticed a hornet
  6152 | D:8      | Reached skill level 8 in Axes
  6152 | D:8      | Reached XP level 9. HP: 58/81 MP: 8/8
  6634 | D:8      | Reached skill level 9 in Axes
  7311 | D:9      | Noticed a death yak
  7323 | D:9      | Noticed a death yak
  7681 | D:9      | Noticed Prince Ribbit
  7799 | D:8      | Killed Prince Ribbit
  8269 | D:9      | Reached XP level 10. HP: 88/91 MP: 9/9
  8603 | D:9      | Found a staircase to the Lair.
  8864 | D:10     | Entered Level 10 of the Dungeon
  8867 | D:10     | Found Abipluz's Jewellery Shop.
  8974 | D:10     | Bought a +4 ring of protection for 468 gold pieces
  8974 | D:10     | Bought a ring of see invisible for 195 gold pieces
  9188 | D:10     | Reached skill level 10 in Axes
  9199 | D:10     | Found Neekk's General Store.
  9275 | D:9      | Reached skill level 10 in Fighting
  9507 | D:9      | Noticed a death yak
  9523 | D:9      | Killed a death yak
  9524 | D:9      | Reached skill level 10 in Armour
  9535 | D:9      | Killed a death yak
 10541 | D:10     | Reached XP level 11. HP: 87/101 MP: 10/10
 10567 | D:10     | Noticed a necromancer
 10758 | D:10     | Found Guguck's Book Emporium.
 10842 | Lair:1   | Entered Level 1 of the Lair of Beasts
 10848 | D:9      | Reached skill level 11 in Axes
 11861 | Lair:1   | Reached skill level 10 in Dodging
 12168 | Lair:2   | Found a staircase to the Shoals.
 12183 | Lair:2   | Noticed Gastronok
 12204 | Lair:2   | Killed Gastronok
 12917 | Lair:2   | Noticed a lindwurm
 12932 | Lair:2   | Reached skill level 12 in Axes
 13046 | Lair:2   | Found a staircase to the Snake Pit.
 13518 | D:6      | Bought a +0 broad axe for 44 gold pieces
 13716 | D:7      | Found a transporter.
 13765 | D:7      | Noticed Maggie
 13781 | D:7      | Killed Maggie
 13837 | D:7      | Noticed Joseph
 13857 | D:7      | Killed Joseph
 14039 | D:7      | Found a one-way gate to the infinite horrors of the Abyss.
 14039 | D:7      | Noticed polpettosauro's ghost (novice OpTm)
 14040 | D:7      | Noticed a purple ugly thing
 14061 | D:7      | Found a transporter.
 14345 | D:7      | Killed polpettosauro's ghost
 14357 | D:7      | Killed a purple ugly thing
 14358 | D:7      | Reached XP level 12. HP: 108/112 MP: 11/11
 14842 | D:10     | Found Extialaad's Assorted Antiques.
 15083 | D:10     | Found Yxuet's Book Shop.
 15118 | D:10     | Found a staircase to the Orcish Mines.
 15370 | D:10     | Found a sparkling altar of Nemelex Xobeh.
 15374 | D:10     | Found a glowing silver altar of Zin.
 15385 | D:10     | Found a shimmering altar of Xom.
 15492 | D:10     | Bought a +0 plate armour of poison resistance for 324 gold
                  | pieces
 15647 | Snake:1  | Entered Level 1 of the Snake Pit
 16471 | Lair:2   | Noticed Urug
 16488 | Lair:2   | Killed Urug
 16489 | Lair:2   | Reached skill level 13 in Axes
 17503 | Lair:3   | HP: 1/115 [rime drake/icy flash freeze (28)]
 17803 | Lair:3   | Reached XP level 13. HP: 123/123 MP: 12/12
 18166 | Lair:3   | Identified the +1 robe "Qojeq" {rC+ rCorr}
 18660 | Lair:4   | Found an ornate altar of the Wu Jian Council.
 18848 | Lair:4   | Reached skill level 14 in Axes
 18903 | Lair:4   | Found the +4 robe of Folly {Brill Will-∞ Int+8}
 19757 | Lair:4   | Found the +8 whip "Snakebite" {venom, curare, rPois}
 20065 | Lair:5   | Entered Level 5 of the Lair of Beasts
 20228 | Lair:5   | Found a runed translucent door.
 20231 | Lair:5   | Found a staircase to the Slime Pits.
 20799 | Lair:5   | Noticed a dire elephant
 20799 | Lair:5   | Noticed a dire elephant
 20988 | Orc:1    | Entered Level 1 of the Orcish Mines
 21046 | Orc:1    | Reached ***** piety under Trog
 21079 | Orc:1    | Identified a scroll of acquirement
 21083 | Orc:1    | Acquired the +0 war axe of Beuleree {flame, rPois rC- Str+8
                  | Int+2}
 21337 | Orc:2    | Entered Level 2 of the Orcish Mines
 21337 | Orc:2    | Noticed an orc warlord
 21611 | Orc:1    | Killed an orc warlord
 21975 | Orc:2    | Found a runed translucent door.
 21978 | Orc:2    | Found a shimmering altar of Xom.
 21978 | Orc:2    | Noticed fedoskokos's ghost (journeyman FoFi)
 22262 | Orc:2    | Reached skill level 15 in Axes
 22263 | Orc:2    | Reached skill level 15 in Fighting
 22393 | Orc:2    | Received a gift from Trog
 22467 | Orc:2    | Reached XP level 14. HP: 109/135 MP: 13/13
 22838 | Orc:2    | Found Etihoses's Magic Scroll Boutique.
 22868 | Orc:2    | Reached skill level 15 in Armour
 22873 | Orc:2    | Found Kacucw's Magic Scroll Shop.
 22895 | Orc:2    | Gained mutation: You are agile. (Dex +4, Str/Int -1) [a
                  | neqoxec]
 22898 | Orc:2    | Gained mutation: You have hidden genetic potential. [a
                  | neqoxec]
 22900 | Orc:2    | Gained mutation: You do not regenerate when monsters are
                  | visible. [a neqoxec]
 23033 | Orc:2    | Reached skill level 1 in Shields
 23375 | D:5      | Bought a +2 cloak for 247 gold pieces
 23939 | Lair:5   | Reached skill level 1 in Evocations
 25819 | Orc:2    | Reached skill level 16 in Axes
 26072 | Orc:2    | Found a staircase to the Elven Halls.
 26662 | Orc:2    | Found Dicai's Antique Weapon Emporium.
 26662 | Orc:2    | Found Hoapnol's Book Shoppe.
 26662 | Orc:2    | Found a one-way gate leading to the halls of Pandemonium.
 26977 | Orc:2    | Bought a manual of Shields for 880 gold pieces
 27053 | Orc:2    | Killed fedoskokos's ghost
 27053 | Orc:2    | HP: 1/127 [+3 glaive of chaos (14)]
 27053 | Orc:2    | Slain by a +3 glaive of chaos

Illustrated notes

Levels and vault maps discovered:
D:1:      nicolae_arrival_somewhat_less_tricky_arrival, layout_basic,
          minmay_hedge_maze, hex_medium
D:2:      layout_basic, uniq_robin, uniq_jessica
D:3:      layout_basic, kennysheep_crisscross, minmay_misc_feat_iff
D:4:      layout_basic, ebering_ghost_disaster_area
D:5:      layout_gridville, vehumet_crystals, serial_shops,
          nicolae_shop_tiny_statue_garden, uniq_menkaure
D:6:      layout_basic, bloody_makhleb, minmay_temple_entry_gardened_gates,
          enter_ossuary_3, serial_shops, nicolae_shop_trees
D:7:      layout_basic, gammafunk_ghost_abyssal_escape, uniq_joseph, uniq_maggie
D:8:      layout_loops_ring
D:9:      layout_roguey, dpeg_lair_monsters, uniq_prince_ribbit1
D:10:     cheibrodos_grave_circle, layout_irregular_city,
          minmay_overflow_temple_star_quad, orc_0_dummy, serial_shops, shop,
          shop, shop, kennysheep_little_box, nicolae_shop_tiny_real_fake_doors,
          minmay_librarian
Lair:1:   layout_cave_pods, grunt_megastairs_3
Lair:2:   layout_roguey, shoals_dummy_entry, guppyfry_snake_entry_garden,
          infiniplex_staircase_pool, uniq_gastronok, uniq_urug
Lair:3:   layout_loops_ring, chequers_serial_rivers_small_a,
          bobbens_dragon_lair_wall, grunt_megastairs_2, serial_bayou_shore_a
Lair:4:   minmay_guarded_unrand_snakebite, layout_cave_shapes, basic_altar,
          dreamdust_deal_with_the_devil, minivault_25
Lair:5:   due_jungle_book, layout_regular_city, slime_entry_2
Snake:1:  layout_rooms, nrook_guardian_serpent_ordinary, nicolae_triple_integral
Orc:1:    layout_caves
Orc:2:    pf_orc_diabolical, layout_diamond_mine, ebering_ghost_xom

Skill      XL: |  1  2  3  4  5  6  7  8  9 10 11 12 13 14 |
---------------+-------------------------------------------+-----
Axes           | 4 5 6 8 9 10 12 13 15 16 | 16.3
Fighting       | 4 5 6 7 9 10 12 13 15 | 15.7
Armour         | 3 4 5 6 7 9 10 12 13 14 15 | 15.5
Dodging        | 3 4 5 6 8 9 11 12 13 14 | 14.3
Shields        | 4 |  4.2
Evocations     | 3 |  3.3

Action                     |  1- 3 |  4- 6 |  7- 9 | 10-12 | 13-15 || total
---------------------------+-------+-------+-------+-------+-------++-------
  Melee: Hand axe          |   141 |    50 |       |       |       ||   191
         Headbutt          |    27 |    16 |    49 |   135 |   199 ||   426
         Punch             |     1 |     2 |     7 |     3 |       ||    13
         War axe           |       |    92 |   255 |   269 |   522 ||  1138
         Broad axe         |       |       |       |   290 |   240 ||   530
         Battleaxe         |       |       |       |     6 |       ||     6
 Invoke: Berserk           |     1 |       |     1 |     2 |     1 ||     5
         Trog's Hand       |     1 |     2 |     9 |    19 |    19 ||    50
         Brothers in Arms  |       |       |       |       |     2 ||     2
  Evoke: Lightning rod     |       |       |       |       |     9 ||     9
         Wand              |       |       |       |       |     1 ||     1
    Use: Scroll            |     4 |     4 |     4 |    15 |     6 ||    33
         Potion            |       |       |     2 |     2 |     1 ||     5
   Stab: Distracted        |       |       |       |       |     1 ||     1
 Armour: Animal skin       |     5 |       |       |       |       ||     5
         Chain mail        |    12 |    65 |       |       |       ||    77
         Plate armour      |       |    15 |   211 |   511 |   381 ||  1118
  Dodge: Dodged            |    43 |    80 |   163 |   343 |   379 ||  1008
  Block: Other             |       |       |       |    28 |       ||    28
         Buckler           |       |       |       |   135 |   314 ||   449
         Reflection        |       |       |       |     5 |     8 ||    13
